 Dungeon Crawl Stone Soup version 0.17-a0-1927-g319369b (webtiles) character file.

11 Ordine the Digger (level 2, 0/15 HPs)
             Began as a Gargoyle Earth Elementalist on Sept 29, 2015.
             Slain by a giant gecko (2 damage)
             ... on level 1 of the Dungeon.
             The game lasted 00:01:33 (265 turns).

Ordine the Digger (Gargoyle Earth Elementalist)      Turns: 265, Time: 00:01:35

Health: 0/15       AC:  4    Str: 11    XL:     2   Next: 25%
Magic:  0/5        EV: 12    Int: 15    God:
Gold:   7          SH:  0    Dex: 10    Spells: 2 memorised, 3 levels left

rFire  . . .     SeeInvis .     g - +0 club
rCold  . . .     Clarity  .     b - +0 robe
rNeg   + . .     SustAt   .     (no shield)
rPois  ∞         Gourm    .     (no helmet)
rElec  +         Spirit   .     (no cloak)
rCorr  .         Warding  .     (no gloves)
rMut   .         Stasis   .     (no boots)
MR     .....                    (no amulet)
Stlth  ++........               (no ring)
                                (no ring)

@: very slightly contaminated, not resistant to hostile enchantments, unstealthy
A: negative energy resistance 1, electricity resistance, unbreathing,
petrification resistance, rot immunity, AC +2
a: no special abilities


You were on level 1 of the Dungeon.
You were not hungry.

You visited 1 branch of the dungeon, and saw 1 of its levels.

You collected 7 gold pieces.

Inventory:

Hand weapons
 g - a +0 club (weapon)
Missiles
 a - 42 stones (quivered)
Armour
 b - a +0 robe (worn)
Books
 c - a book of Geomancy

   Spells                             Type                      Level
   a - Sandblast                      Earth                        1
   b - Stoneskin                      Transmutation/Earth          2
   c - Passwall                       Transmutation/Earth          3
   d - Stone Arrow                    Conjuration/Earth            3
   e - Petrify                        Transmutation/Earth          4
   f - Lee's Rapid Deconstruction     Earth                        5
Comestibles
 d - a bread ration
 f - 11 chunks of flesh


   Skills:
 - Level 1.5 Dodging
 - Level 2.1 Stealth
 * Level 2.5 Spellcasting
 - Level 0.7 Transmutations
 + Level 3.8 Earth Magic


You had 3 spell levels left.
You knew the following spells:

 Your Spells              Type           Power        Failure   Level  Hunger
a - Sandblast             Erth           ##....       6%          1    #......
b - Stoneskin             Trmt/Erth      #.......     14%         2    ###....


Dungeon Overview and Level Annotations

Branches:
Dungeon (1/15)

Altars:


Innate Abilities, Weirdness & Mutations

You are resistant to torment.
Your stone body is resilient (AC +2).
You are immune to poison.
You resist negative energy.
You are resistant to electric shocks.
You can survive without breathing.
You are immune to petrification.
You are immune to rotting.


Message History

You see here a club.
The giant gecko barely misses you. The giant gecko bites you.
* * * LOW HITPOINT WARNING * * *
You see here a club.
The rat misses you. The giant gecko bites you.
* * * LOW HITPOINT WARNING * * *
Your magical contamination has completely faded away.
Casting: Sandblast
Confirm with . or Enter, or press ? or * to list all spells.
Aiming: Sandblast
Press: ? - help, Shift-Dir - straight line, f/p - giant gecko
Aim: a giant gecko (severely wounded, clinging)
You miscast Sandblast.
You are very lightly contaminated with residual magic.
You hear a distant rumble.
The rat bites you.
* * * LOW HITPOINT WARNING * * *
The giant gecko bites you.
You die...

#.......................#
#.#######................
#.# .................
##.# ##. ..............#
###..# #.. #............#
..####...## #.#
#..........## ........##
#.# ######÷###.##.
..#####.##
####.####.....)#......
#..#
#..).@r......)..?...##
##.#
#.####l.........$.....
#.# ♣.♣
#.....###....#####
#.#♣♣.♣♣#.##### #.####
#.........# #.#
###♣♣.♣♣### ..# ♣.♣ ###
#.# #..


You could see a giant gecko and a rat.

Vanquished Creatures
  A giant cockroach (D:1)
  2 hobgoblins (D:1)
  3 bats (D:1)
  A giant newt (D:1)
  3 goblins (D:1)
  A rat (D:1)
11 creatures vanquished.

Notes
Turn   | Place    | Note
--------------------------------------------------------------
     0 | D:1      | Ordine the Gargoyle Earth Elementalist began the quest for the Orb.
     0 | D:1      | Reached XP level 1. HP: 10/10 MP: 3/3
   186 | D:1      | Reached XP level 2. HP: 12/15 MP: 3/5
   193 | D:1      | Learned a level 2 spell: Stoneskin
   265 | D:1      | Slain by a giant gecko

Vault maps used:
D:1:      evilmike_arrival_crescent, minmay_tree_intersection

Action                   || total
-------------------------++-------
Melee: Club              ||    37
       Unarmed           ||     4
 Cast: Sandblast         ||    10
  Use: Scroll            ||     2
